 Dungeon Crawl Stone Soup version 0.20-a0-1050-g57248f3 (webtiles) character file.

266 Gorglomux the Skirmisher (level 6, -7/56 HPs)
             Began as a Hill Orc Assassin on Apr 25, 2017.
             Mangled by an ice beast (10 damage)
             ... on level 5 of the Dungeon.
             The game lasted 00:06:19 (3975 turns).

Gorglomux the Skirmisher (Hill Orc Assassin)        Turns: 3975, Time: 00:06:19

Health: -7/56      AC:  5    Str: 16    XL:     6   Next: 20%
Magic:  6/6        EV: 11    Int: 11    God:
Gold:   259        SH:  0    Dex: 12    Spells: 5/5 levels left

rFire    . . .     SeeInvis .   a - +0 hand axe
rCold    . . .     Gourm    .   (no shield)
rNeg     . . .     Faith    +   c - +0 robe
rPois    .         Spirit   .   A - +0 helmet
rElec    .         Reflect  .   d - +0 cloak
rCorr    .         Harm     .   w - +0 pair of gloves
MR       .....                  (no boots)
Stlth    +.........             t - amulet of faith {Faith, !P}
Regen    0.2/turn               u - ring of loudness (curse) {Stlth-}
MPRegen  0.1/turn               (no ring)

@: no status effects
A: no striking features
a: Convert to Beogh


You were on level 5 of the Dungeon.
You were not hungry.

You visited 1 branch of the dungeon, and saw 5 of its levels.

You collected 259 gold pieces.

Inventory:

Hand Weapons
 a - a +0 hand axe (weapon)
   (You found it on level 3 of the Dungeon)
 b - a +0 blowgun
 y - a +2 dagger
Missiles
 e - 17 poisoned needles
 f - a curare-tipped needle
Armour
 c - a +0 robe (worn)
 d - a +0 cloak (worn)
 h - +0 gold dragon scales
   (You found it on level 1 of the Dungeon)
 w - a +0 pair of gloves (worn)
   (You found it on level 3 of the Dungeon)
 A - a +0 helmet (worn)
   (You found it on level 3 of the Dungeon)
Jewellery
 t - an amulet of faith (around neck) {Faith, !P}
   (You found it on level 2 of the Dungeon)
 u - a cursed ring of loudness (left hand) {Stlth-}
   (You found it on level 4 of the Dungeon)
Scrolls
 i - a scroll of blinking {unknown}
 k - 2 scrolls of immolation {unknown}
 n - 3 scrolls of identify {unknown}
 o - 3 scrolls of remove curse {unknown}
 p - 3 scrolls of teleportation {unknown}
 x - a scroll of amnesia {unknown}
 z - a scroll of fog {unknown}
Potions
 j - a potion of haste
 l - a potion of cancellation
 q - a potion of resistance
 r - a potion of might
 v - a potion of heal wounds {unknown}
 B - a potion of curing {unknown}
 C - a potion of flight {unknown}
 D - a potion of lignification {unknown}
Comestibles
 g - 9 bread rations {@e1@e1}
 m - a meat ration {@e2@e2}
 s - 2 royal jellies


   Skills:
 - Level 5.0 Fighting
 - Level 2.0 Short Blades
 + Level 5.0 Axes
 - Level 1.7 Throwing
 - Level 2.5 Armour
 - Level 0.7 Dodging
 - Level 3.2 Stealth


You had 5 spell levels left.
You didn't know any spells.

Dungeon Overview and Level Annotations

Branches:
Dungeon (5/15)
 Temple: D:4-7

Altars:
Gozag
Hepliaklqana
Nemelex Xobeh
Qazlal
Ru
Trog
Uskayaw
Vehumet
Xom
Zin

Annotations:
D:2 exclusions: door and jelly


Message History

All of the chunks of flesh in your inventory have rotted away.
You see here a hound corpse.
You butcher the hound corpse.
E - a chunk of flesh {@w0@w0} You see here a hound skeleton.
You start resting.
Eating a chunk of flesh {@w0@w0}.
You eat the chunk of flesh {@w0@w0}.
Health restored: 56 Done exploring.
No target in view!
Done exploring.
Done exploring.
No target in view!
No target in view!
Done exploring.
Unknown command.
(D) Dungeon
Where to? (Enter - D:4, ? - help)
You see here a hound skeleton.
There is a stone staircase leading down here.
You climb downwards.
An ice beast, an orc, a skeleton and 5 dart slugs come into view.
There is a stone staircase leading up here.
The quokka skeleton bites you but does no damage.
The ice beast moves out of view.
Found a spear.
Found a stone staircase leading up.
You hit the quokka skeleton. The dart slug launches a dart at you.
The slug dart misses you. The dart slug launches a dart at you.
The slug dart hits you! The quokka skeleton closely misses you.
You hit the quokka skeleton.
You destroy the quokka skeleton!
You take 2 damage, and have 54/56 hp.
There is a stone staircase leading up here.
You hit the ice beast.
The dart slug moves out of view.
The ice beast hits you. The ice beast freezes you.
You take 7 damage, and have 47/56 hp.
You hit the ice beast but do no damage. The ice beast barely misses you.
You hit the ice beast but do no damage.
The orc shouts!
The ice beast hits you. The ice beast freezes you!
The dart slug launches a dart at you. The slug dart hits you!
Unknown command.
You take 9 damage, and have 38/56 hp.
A dart slug comes into view.
You see here 11 gold pieces.
You can't go up here!
You hit the ice beast. The dart slug launches a dart at you.
The slug dart misses you. The dart slug launches a dart at you.
The slug dart misses you.
The ice beast hits you but does no damage.
The dart slug launches a dart at you. The slug dart hits you!
An orc comes into view. It is wielding a flail.
The orc shouts!
You hit the ice beast but do no damage. The ice beast hits you.
The ice beast freezes you!
You take 19 damage, and have 20/56 hp.
MASSIVE DAMAGE!!
It was a potion of resistance.
You feel protected. The ice beast barely misses you.
Unknown command.
Okay, then.
It was a potion of haste.
You feel yourself speed up. The ice beast closely misses you.
An orc priest comes into view. It is wielding a whip.
The orc priest shouts!
The orc priest threatens, "By the altar or by the axe, you will meet Beogh!" (press Y on the ability menu to convert to Beogh)
You hit the dart slug. You hit the ice beast but do no damage.
The dart slug launches a dart at you. The slug dart hits you!
* * * LOW HITPOINT WARNING * * *
The ice beast hits you.
* * * LOW HITPOINT WARNING * * *
The ice beast freezes you. You resist.
* * * LOW HITPOINT WARNING * * *
You take 14 damage, and have 6/56 hp.
MASSIVE DAMAGE!!
Okay, then.
It was a potion of might.
You feel very mighty all of a sudden. The dart slug bites you.
* * * LOW HITPOINT WARNING * * *
You take 2 damage, and have 5/56 hp.
It was a potion of cancellation.
Your magical effects are unravelling.
You feel magically purged.
You feel yourself slow down.
You feel a little less mighty now.
Your resistance to elements expires.
The ice beast hits you.
* * * LOW HITPOINT WARNING * * *
The ice beast freezes you!
You die...

#.............
.....≈≈.≈≈...##
....≈≈≈≈#≈≈o...
#..≈w≈≈≈≈≈≈≈wo.w
..≈≈≈≈≈%w≈≈≈≈o≈#
..≈#≈≈≈...≈≈≈≈≈.
.≈≈≈≈≈≈.$≈≈≈≈≈≈≈
≈≈≈≈≈≈≈≈@≈≈≈≈≈#
≈#≈≈≈≈≈wY.≈≈#≈≈≈
.≈≈≈≈≈≈.<.≈≈≈≈≈≈
≈#≈≈≈≈≈.).≈≈≈≈≈#
≈≈≈≈≈≈≈≈♣≈≈#≈≈≈≈
.≈≈≈≈≈≈≈<≈#≈≈≈w≈
..≈≈≈≈.#..≈≈≈≈≈.
)#≈≈≈≈≈ ..≈≈≈w≈.
##≈≈≈≈ ≈≈#≈≈≈..


You could see an ice beast, an orc priest, 7 dart slugs and 2 orcs.

Vanquished Creatures
  An ogre (D:4)
  A hound (D:4)
  A worker ant (D:4)
  An adder (D:3)
  A shadow imp (D:4)
  2 oozes
  3 dart slugs
  2 leopard geckos
  2 orcs (D:4)
  7 giant cockroaches
  5 goblins
  13 hobgoblins
  7 jackals
  5 quokkas
  6 bats
  3 frilled lizards
  14 kobolds
  A leopard gecko skeleton (D:4)
  A quokka skeleton (D:5)
  7 rats
83 creatures vanquished.

Vanquished Creatures (others)
  9 toadstools (D:2)
9 creatures vanquished.

Grand Total: 92 creatures vanquished

Notes
Turn   | Place    | Note
-------+----------+-------------------------------------------
     0 | D:1      | Gorglomux the Hill Orc Assassin began the quest for the Orb.
     0 | D:1      | Reached XP level 1. HP: 18/18 MP: 1/1
   261 | D:1      | Reached skill level 3 in Fighting
   261 | D:1      | Reached XP level 2. HP: 26/26 MP: 2/2
   717 | D:1      | Reached skill level 1 in Armour
   889 | D:1      | Reached XP level 3. HP: 27/33 MP: 3/3
  1305 | D:2      | Reached skill level 4 in Fighting
  1488 | D:2      | Found an opulent altar of Gozag.
  1489 | D:2      | Found a sparkling altar of Nemelex Xobeh.
  1782 | D:2      | Reached skill level 2 in Armour
  1782 | D:2      | Reached XP level 4. HP: 40/40 MP: 4/4
  2890 | D:3      | Reached skill level 5 in Fighting
  3054 | D:4      | Reached skill level 2 in Axes
  3054 | D:4      | Reached XP level 5. HP: 13/48 MP: 5/5
  3054 | D:4      | HP: 12/48 [poisoned by a worker ant]
  3060 | D:4      | HP: 11/48 [poisoned by a worker ant]
  3068 | D:4      | HP: 10/48 [poisoned by a worker ant]
  3324 | D:4      | Found a sacrificial altar of Ru.
  3324 | D:4      | Found a bloodstained altar of Trog.
  3325 | D:4      | Found a glowing silver altar of Zin.
  3325 | D:4      | Found a shimmering altar of Xom.
  3325 | D:4      | Found a hide-covered altar of Uskayaw.
  3331 | D:4      | Found a hazy altar of Hepliaklqana.
  3331 | D:4      | Found a radiant altar of Vehumet.
  3332 | D:4      | Found a stormy altar of Qazlal.
  3512 | D:4      | Noticed an ogre
  3526 | D:4      | Killed an ogre
  3526 | D:4      | Reached skill level 4 in Axes
  3526 | D:4      | Reached XP level 6. HP: 56/56 MP: 6/6
  3782 | D:4      | Reached skill level 5 in Axes
  3959 | D:5      | Entered Level 5 of the Dungeon
  3959 | D:5      | Noticed an ice beast
  3972 | D:5      | HP: 11/56 [ice beast (5)]
  3974 | D:5      | HP: 5/56 [dart slug (2)]
  3975 | D:5      | Mangled by an ice beast

Vault maps used:
D:1:      lightli_arrival_quake
D:2:      cheibrodos_fertilizer, grunt_temple_overflow_opulence,
          hangedman_decor_clover_reticule
D:3:      st_stairs_1, kennysheep_generic_room_15
D:4:      grunt_temple_overflow_open, first_bread
D:5:      kennysheep_slugbush, serial_shops, shop

Skill      XL: |  1  2  3  4  5  6 |
---------------+-------------------+-----
Fighting       | 3 4 5 |  5.0
Armour         | 1 2 |  2.5
Axes           | 2 4 5 |  5.0
Short Blades   | |  2.0
Throwing       | |  1.7
Dodging        | |  0.7
Stealth        | |  3.2

Action                   |  1- 3 |  4- 6 || total
-------------------------+-------+-------++-------
Melee: Dagger            |   140 |   121 ||   261
       Hand axe          |       |    65 ||    65
 Fire: Blowgun           |    11 |     6 ||    17
  Use: Potion            |       |     4 ||     4
 Stab: Sleeping          |     5 |     1 ||     6
  Eat: Chunk             |     3 |     7 ||    10
Armor: Robe              |    36 |    54 ||    90
Dodge: Dodged            |    71 |   112 ||   183

Vault maps used:
D:1:      lightli_arrival_quake
D:2:      cheibrodos_fertilizer, grunt_temple_overflow_opulence,
          hangedman_decor_clover_reticule
D:3:      st_stairs_1, kennysheep_generic_room_15
D:4:      grunt_temple_overflow_open, first_bread
D:5:      kennysheep_slugbush, serial_shops, shop

Table legend:
 A = Turns spent in this place as a percentage of turns spent in the entire game.
 B = Non-inter-level travel turns spent in this place as a percentage of non-inter-level travel turns spent in the entire game.
 C = Inter-level travel turns spent in this place as a percentage of turns spent in this place.
 D = Turns resting spent in this place as a percentage of non-inter-level travel turns spent in this place.
 E = Turns spent auto-exploring this place as a percentage of non-inter-level travel turns spent in this place.
 F = Non-inter-level travel turns spent in this place divided by the number of levels of this place that you've seen.
                   A       B       C       D       E      F
               +-------+-------+-------+-------+-------+----------------------
         Total | 100.0 | 100.0 |   0.5 |   1.4 |   8.2 | 264.8
       Dungeon | 100.0 | 100.0 |   0.5 |   1.4 |   8.2 | 264.8
               +-------+-------+-------+-------+-------+----------------------

Table legend:
 A = Kills in this place as a percentage of kills in entire the game.
 B = Kills by you in this place as a percentage of kills by you in the entire game.
 C = Kills by friends in this place as a percentage of kills by friends in the entire game.
 D = Other kills in this place as a percentage of other kills in the entire game.
 E = Experience gained in this place as a percentage of experience gained in the entire game.
 F = Experience gained in this place divided by the number of levels of this place that you have seen.
                   A       B       C       D       E      F
               +-------+-------+-------+-------+-------+----------------------
         Total | 100.0 | 100.0 |  -nan |  -nan | 100.0 |  76.0
       Dungeon | 100.0 | 100.0 |  -nan |  -nan | 100.0 |  76.0
               +-------+-------+-------+-------+-------+----------------------
